[ AOE2 MATCH · #478692810 ]
UnrankedTurks vs Bulgarians
[ REPLAY ANALYSIS · EXTRACTED FROM THE RECORDED GAME ]
Feudal
—
Castle
—
Imperial
—
| APM avg | 1.5 |
| APM peak | 4 |
| eAPM avg | 1.2 |
| Villagers / military | 0 / 0 |
Focus
⚔️ 0.0% · 🌾 100.0%
Feudal
—
Castle
—
Imperial
—
| APM avg | 4.3 |
| APM peak | 23 |
| eAPM avg | 1.3 |
| Villagers / military | 0 / 0 |
Focus
⚔️ 0.0% · 🌾 100.0%
Feudal
—
Castle
—
Imperial
—
| APM avg | 51.4 |
| APM peak | 68 |
| eAPM avg | 16.6 |
| Villagers / military | 8 / 0 |
Focus
⚔️ 17.8% · 🌾 82.2%
Feudal
—
Castle
—
Imperial
—
| APM avg | 0.2 |
| APM peak | 1 |
| eAPM avg | 0.2 |
| Villagers / military | 0 / 0 |
Feudal
—
Castle
—
Imperial
—
| APM avg | 11.5 |
| APM peak | 25 |
| eAPM avg | 4.7 |
| Villagers / military | 5 / 0 |
Focus
⚔️ 28.6% · 🌾 71.4%
Feudal
—
Castle
—
Imperial
—
| APM avg | 42.9 |
| APM peak | 58 |
| eAPM avg | 21.6 |
| Villagers / military | 10 / 0 |
Focus
⚔️ 9.3% · 🌾 90.7%
Feudal
—
Castle
—
Imperial
—
| APM avg | 1.7 |
| APM peak | 9 |
| eAPM avg | 1.0 |
| Villagers / military | 0 / 0 |
Focus
⚔️ 0.0% · 🌾 100.0%
Feudal
—
Castle
—
Imperial
—
| APM avg | 35.6 |
| APM peak | 57 |
| eAPM avg | 7.3 |
| Villagers / military | 13 / 0 |
Focus
⚔️ 16.7% · 🌾 83.3%
Match map
Initial resources + every placement click. Lines = walls · curves = elevation contours. ◆ gold · ⬟ stone · ● berries · ✦ relic · ◌ wall gap
Your base
Freidle's base
hK | Agt. Smith's base
bipeng2008's base
hK | Islamey's base
KH | BooMBastic_'s base
AceRx's base
hK | TwisteR's base
Smoothed initial terrain · ◌ = detected wall gap · hover for details
Inputs per minute
— BeefBro - - Freidle
Build order — BeefBro
1 actions detected in the replay
| 0:17 | Build | Town Center |
Build order — Freidle
1 actions detected in the replay
| 0:28 | Build | Town Center |
Build order — hK | Agt. Smith
9 actions detected in the replay
| 1:03 | Build | Town Center |
| 2:33 | Build | House |
| 3:23 | Queue | Villager (Male) ×4 |
| 4:32 | Queue | Villager (Male) |
| 4:40 | Build | House |
| 4:52 | Queue | Villager (Male) |
| 5:27 | Queue | Villager (Male) |
| 5:49 | Build | House |
| 5:55 | Queue | Villager (Male) |
Build order — bipeng2008
0 actions detected in the replay
Build order — hK | Islamey
7 actions detected in the replay
| 0:32 | Build | Town Center |
| 2:12 | Build | House |
| 2:39 | Queue | Villager (Male) |
| 2:39 | Queue | Villager (Male) |
| 2:40 | Queue | Villager (Male) |
| 2:40 | Queue | Villager (Male) |
| 2:40 | Queue | Villager (Male) |
Build order — KH | BooMBastic_
15 actions detected in the replay
| 0:21 | Build | Town Center |
| 2:17 | Queue | Villager (Male) |
| 2:17 | Queue | Villager (Male) |
| 2:17 | Queue | Villager (Male) |
| 2:18 | Queue | Villager (Male) |
| 2:21 | Build | House |
| 3:33 | Build | House |
| 3:42 | Queue | Villager (Male) |
| 4:14 | Queue | Villager (Male) |
| 4:42 | Queue | Villager (Male) |
| 4:42 | Queue | Villager (Male) |
| 5:17 | Build | Lumber Camp |
| 5:29 | Queue | Villager (Male) |
| 5:40 | Build | House |
| 5:46 | Queue | Villager (Male) |
Build order — AceRx
1 actions detected in the replay
| 0:06 | Build | Town Center |
Build order — hK | TwisteR
17 actions detected in the replay
| 0:08 | Build | Town Center |
| 2:36 | Queue | Villager (Male) |
| 2:37 | Queue | Villager (Male) |
| 2:37 | Queue | Villager (Male) |
| 2:37 | Queue | Villager (Male) |
| 3:22 | Queue | Villager (Male) |
| 3:24 | Queue | Villager (Male) |
| 3:32 | Build | House |
| 3:42 | Research | Loom |
| 3:46 | Queue | Villager (Male) |
| 3:56 | Queue | Villager (Male) |
| 4:07 | Build | House |
| 4:15 | Queue | Villager (Male) |
| 4:51 | Queue | Villager (Male) |
| 5:04 | Queue | Villager (Male) |
| 5:12 | Queue | Villager (Male) |
| 5:51 | Queue | Villager (Male) |
Match timeline
| 1:03 | AceRx · resign |
[ AI ANALYSIS · 1 CREDIT ]
What really happened in this match?
Wolo.gg analyzes every decision: build order, eco, micro, common mistakes by bracket. Personalized analysis on WhatsApp or Discord in 30 seconds.
Civ guide
Turks
Perfil
Jugador #6131444